 Dungeon Crawl Stone Soup version bcrawl-1.31 (webtiles) character file.

Game seed: 8580049089779870434

118413 AtilaTheSponge the Vandal (level 4, -2/29 HPs)
             Began as a Kobold Arcane Marksman on Mar 24, 2021.
             Shot with a sling bullet by Ijyb (8 damage)
             ... on level 3 of the Dungeon.
             The game lasted 00:12:24 (2065 turns).

AtilaTheSponge the Vandal (Kobold Arcane Marksman)  Turns: 2065, Time: 00:12:25

Health: -2/29      AC:  5    Str:  7    XL:     4   Next: 68%
Magic:  7/7        EV: 16    Int: 15    God:
Gold:   151        SH:  0    Dex: 16    Spells: 6/7 levels left

rFire    . . .     SeeInvis .   a - +0 hunting sling
rCold    . . .     Gourm    .   (shield restricted)
rNeg     . . .     Faith    .   c - +0 robe
rPois    .         Spirit   .   (no helmet)
rElec    .         Reflect  .   g - +2 cloak
rCorr    .         Harm     .   (no gloves)
MR       .....                  (no boots)
Stlth    ++........             (no amulet)
HPRegen  0.09/turn              (no ring)
MPRegen  0.10/turn              (no ring)

@: no status effects
A: small, talons 1, carnivore, mutation resistance 1, sense surroundings 2
a: no special abilities


You were on level 3 of the Dungeon.
You were very full.

You visited 1 branch of the dungeon, and saw 3 of its levels.

You collected 151 gold pieces.

Inventory:

Hand Weapons
 a - a +0 hunting sling (weapon)
 b - a +0 dagger
 r - a +0 whip
Missiles
 f - 402 sling bullets (quivered)
 h - 1111 stones
Armour
 c - a +0 robe (worn)
 g - a +2 cloak (worn)
 p - a +1 ring mail of positive energy
 u - a +0 pair of boots
Scrolls
 i - 3 scrolls of identify
 l - 4 scrolls of magic mapping {unknown}
 n - 2 scrolls of remove curse {unknown}
 o - 2 scrolls of amnesia {unknown}
 q - a scroll of enchant weapon {unknown}
 s - a scroll of teleportation {unknown}
Potions
 d - a potion of mutation
 k - 2 potions of degeneration {unknown}
 m - a potion of might {unknown}
Comestibles
 e - 3 rations {!d}
 t - 2 chunks of flesh


   Skills:
 - Level 2.2 Fighting
 + Level 4.5 Slings
 * Level 3.0 Dodging
 + Level 0.3 Stealth
 - Level 2.3 Spellcasting
 - Level 3.1 Hexes


You had 6 spell levels left.
You knew the following spells:

 Your Spells              Type           Power        Failure   Level  Hunger
a - Corona                Hex            ##.....      6%          1    None

Your spell library contained the following spells:

 Spells                   Type           Power        Failure   Level  Hunger
 Shackle                  Hex            ##......     9%          2    ##.....
 False Image              Hex/Summ       #.......     34%         3    ####...
 Inner Flame              Hex/Fire       N/A          34%         3    ####...
 Cause Fear               Hex            ##........   52%         4    ######.
 Yara's Violent Unravell  Hex/Tmut       #.........   75%         4    ######.


Dungeon Overview and Level Annotations

Branches:
Dungeon (3/12)

Altars:
Qazlal
Sif Muna

Annotations:
D:3 Ijyb


Innate Abilities, Weirdness & Mutations

You are small and have problems with some larger weapons.
You have sharp toenails.
You are carnivorous and can eat meat at any time.
You are somewhat resistant to further mutation.
You passively map the area around you.


Message History

Press: ? - help, Shift-Dir - straight line, f/p - Ijyb
Aim: Ijyb, wielding a +0 hunting sling, wearing a +3 leather armour of cold resistance and quivering 121 sling bullets (heavily wounded)
You shoot a sling bullet. The sling bullet closely misses Ijyb.
Ijyb shoots a sling bullet.
The sling bullet misses you.
Firing (i - inventory. (/) - cycle)
f - 404 sling bullets (quivered)
Press: ? - help, Shift-Dir - straight line, f/p - Ijyb
Aim: Ijyb, wielding a +0 hunting sling, wearing a +3 leather armour of cold resistance and quivering 120 sling bullets (heavily wounded)
You shoot a sling bullet. The sling bullet closely misses Ijyb.
Ijyb shoots a sling bullet.
The sling bullet hits you.
* * * LOW HITPOINT WARNING * * *
Firing (i - inventory. (/) - cycle)
f - 403 sling bullets (quivered)
Press: ? - help, Shift-Dir - straight line, f/p - Ijyb
Aim: Ijyb, wielding a +0 hunting sling, wearing a +3 leather armour of cold resistance and quivering 119 sling bullets (heavily wounded)
You shoot a sling bullet. The sling bullet closely misses Ijyb.
Ijyb shoots a sling bullet.
The sling bullet hits you.
* * * LOW HITPOINT WARNING * * *
You feel extremely strange.
Ijyb shoots a sling bullet.
The sling bullet barely misses you.
Ijyb shoots a sling bullet.
The sling bullet hits you!
You die...

######## ##.รท..$.##
#.....@..## *
#........$.# ,
#..........########### ,
, #.........g##........#
#..........##....<...#
**#....................#
,,
..........###........# ,
, ,, ..........#
#........# , .........
#........#


You could see Ijyb.

Vanquished Creatures
  Jessica (D:2)
  2 oozes
  A worm (D:3)
  4 leopard geckos (D:2)
  2 giant cockroaches
  5 goblins (D:1)
  9 hobgoblins
  A quokka (D:2)
  4 bats
  A frilled lizard (D:1)
  6 kobolds
  4 rats
40 creatures vanquished.

Notes
Turn   | Place    | Note
-------+----------+-------------------------------------------
     0 | D:1      | AtilaTheSponge the Kobold Arcane Marksman began the quest
                  | for the Orb.
     0 | D:1      | Reached XP level 1. HP: 14/14 MP: 3/3
   316 | D:1      | Reached XP level 2. HP: 19/19 MP: 5/5
   513 | D:1      | Found a shimmering blue altar of Sif Muna.
   543 | D:1      | Reached skill level 3 in Slings
   543 | D:1      | Reached XP level 3. HP: 22/24 MP: 6/6
  1414 | D:2      | Noticed a water elemental
  1416 | D:2      | Found a stormy altar of Qazlal.
  1418 | D:2      | Noticed an earth elemental
  1419 | D:2      | Noticed a fire elemental
  1419 | D:2      | Noticed an air elemental
  1587 | D:2      | Noticed Jessica
  1592 | D:2      | Killed Jessica
  1593 | D:2      | Reached skill level 4 in Slings
  1593 | D:2      | Reached XP level 4. HP: 29/29 MP: 7/7
  1791 | D:3      | Noticed Ijyb
  2065 | D:3      | Shot with a sling bullet by Ijyb

Skill      XL: |  1  2  3  4 |
---------------+-------------+-----
Hexes          | 3 |  3.1
Slings         | 3 4 |  4.5
Dodging        | 3 |  3.0
Fighting       | |  2.2
Stealth        | |  0.3
Spellcasting   | |  2.3

Action                   |  1- 3 |  4- 6 || total
-------------------------+-------+-------++-------
Melee: Unarmed           |       |     5 ||     5
 Fire: Hunting sling     |   108 |    39 ||   147
  Use: Scroll            |     1 |     2 ||     3
       Potion            |       |     3 ||     3
  Eat: Chunk             |    13 |     1 ||    14
Armor: Robe              |     9 |     2 ||    11
       Skin              |       |     5 ||     5
Dodge: Dodged            |    22 |    44 ||    66
